 Dungeon Crawl Stone Soup version 0.29.1-15-g9cfb28693d (webtiles) character file.

Game seed: 11811204756458826273

33695 DemonSlayer the Thaumaturge (level 13, 0/90 HPs)
             Began as a Demonspawn Earth Elementalist on Mar 10, 2023.
             Was an Elder of Dithmenos.
             Killed from afar by Azrael (20 damage)
             ... with a fireball
             ... on level 13 of the Dungeon.
             The game lasted 00:47:29 (20758 turns).

DemonSlayer the Thaumaturge (DsEE)                 Turns: 20758, Time: 00:47:29

Health: 0/90       AC: 16    Str: 16    XL:     13   Next: 38%
Magic:  0/29       EV: 17    Int: 23    God:    Dithmenos [****..]
Gold:   536        SH:  0    Dex: 20    Spells: 5/36 levels left

rFire   . . .      SeeInvis .   N - +9 scimitar "Miasos" {drain, rC+ Int+4 Dex+2}
rCold   + . .      Faith    .   (no shield)
rNeg    . . .      Spirit   +   x - +4 ring mail of Fortitude {Rampage Fly rPois Str+6}
rPois   +          Reflect  .   (helmet restricted)
rElec   .          Harm     .   J - scarf {shadows}
rCorr   .          Rampage  +   h - +1 pair of gloves {Dex+3}
Will    +....                   s - +2 pair of boots
Stlth   +.........              (no amulet)
HPRegen 0.25/turn               v - ring of willpower
MPRegen 0.42/turn               (no ring)

@: confused, ambrosia-drunk, flying, wreathed by umbra
A: antennae 1, repulsion field 2, demonic guardian 2, magic shield, magic
regeneration
a: Renounce Religion, Shadow Step


You were on level 13 of the Dungeon.
You worshipped Dithmenos.
Dithmenos was greatly pleased with you.
You visited 2 branches of the dungeon, and saw 16 of its levels.
You also visited: Gauntlet.

You collected 1001 gold pieces.
You spent 465 gold pieces at shops.

Inventory:

Hand Weapons
 N - the +9 scimitar "Miasos" (weapon) {drain, rC+ Int+4 Dex+2}
   (You found it on level 12 of the Dungeon)

   A truly terrible weapon, it drains the life of any living foe it strikes.
   Int:       It affects your intelligence (+4).
   Dex:       It affects your dexterity (+2).
   rC:        It protects you from cold.
Missiles
 g - 7 silver javelins
 n - 2 boomerangs of dispersal
 r - a curare-tipped dart
Armour
 h - a +1 pair of gloves of dexterity (worn)
 s - a +2 pair of boots (worn)
 x - the +4 ring mail of Fortitude (worn) {Rampage Fly rPois Str+6}
   (You found it on level 4 of the Dungeon)

   Str:       It affects your strength (+6).
   rPois:     It protects you from poison.
   Fly:       It grants you flight.
   Rampage:   It bestows one free step when moving towards enemies.
 J - a scarf of shadows (worn)
Jewellery
 v - a ring of willpower (left hand)
Wands
 b - a wand of polymorph (14)
 t - a wand of paralysis (20)
 y - a wand of iceblast (17)
 C - a wand of mindburst (14)
 H - a wand of digging (5)
 L - a wand of flame (12)
Scrolls
 e - a scroll of vulnerability {unknown}
 l - 2 scrolls of magic mapping
 m - 5 scrolls of poison
 p - 6 scrolls of teleportation
 q - a scroll of immolation
 B - a scroll of identify
 E - 2 scrolls of butterflies
 F - 2 scrolls of amnesia
 K - a scroll of brand weapon {unknown}
 O - a scroll of summoning {unknown}
Potions
 a - a potion of attraction
 c - 6 potions of lignification
 f - a potion of flight
 i - 4 potions of brilliance
 o - 12 potions of curing
 u - 2 potions of might
 w - 3 potions of mutation
 z - 2 potions of degeneration {unknown}
 A - a potion of haste
 I - 2 potions of cancellation {unknown}
Miscellaneous
 k - a phantom mirror


   Skills:
 + Level 4.8 Fighting
 + Level 1.5(1.7) Short Blades
 + Level 0.9(1.4) Long Blades
 + Level 0.2 Axes
 + Level 5.6 Staves
 + Level 1.5 Throwing
 + Level 6.5 Armour
 + Level 5.1 Dodging
 + Level 4.4 Stealth
 + Level 1.1 Shields
 + Level 12.0 Spellcasting
 + Level 7.6 Conjurations
 + Level 0.8 Transmutations
 + Level 11.3 Earth Magic
 + Level 1.3 Evocations


You had 5 spell levels left.
You knew the following spells:

 Your Spells              Type           Power      Damage    Failure   Level
a - Sandblast             Erth           100%       2d20      1%          1
b - Passwall              Tmut/Erth      35%        N/A       1%          2
c - Stone Arrow           Conj/Erth      100%       3d13      1%          3
d - Swiftness             Air            13%        N/A       24%         3
e - Dispersal             Tloc           6%         N/A       100%        6
f - Petrify               Tmut/Erth      42%        N/A       6%          4
g - Teleport Other        Tloc           13%        N/A       24%         3
h - Olgreb's Toxic Radia  Pois           13%        N/A       61%         4
i - Dazzling Flash        Conj/Hex       62%        N/A       4%          3
j - Blink                 Tloc           26%        N/A       12%         2

Your spell library contained the following spells:

 Spells                   Type           Power      Damage    Failure   Level
 Shock                    Conj/Air       100%       1d9       1%          1
 Beastly Appendage        Tmut           34%        N/A       5%          1
 Sting                    Tmut/Pois      60%        1d6       7%          1
 Necrotise                Necr           52%        1d6       8%          1
 Wereblood                Tmut           17%        N/A       9%          2
 Ensorcelled Hibernation  Hex/Ice        26%        N/A       12%         2
 Poisonous Vapours        Pois/Air       26%        N/A       12%         2
 Hailstorm                Conj/Ice       31%        3d8       16%         4
 Spider Form              Tmut/Pois      15%        N/A       21%         3
 Gell's Gravitas          Tloc           13%        N/A       24%         3
 Lesser Beckoning         Tloc           13%        N/A       24%         3
 Vampiric Draining        Necr           13%        2d6       24%         3
 Ice Form                 Ice/Tmut       15%        N/A       54%         4
 Airstrike                Air            6%         2d(1-17)  61%         4
 Agony                    Necr           13%        N/A       91%         5
 Manifold Assault         Tloc           13%        N/A       91%         5
 Silence                  Hex/Air        6%         N/A       91%         5
 Summon Forest            Summ/Tloc      6%         N/A       91%         5
 Summon Mana Viper        Hex/Summ       13%        N/A       91%         5
 Simulacrum               Ice/Necr       6%         N/A       100%        6
 Summon Cactus Giant      Summ           6%         N/A       100%        6
 Polar Vortex             Ice            6%         N/A       100%        9


Dungeon Overview and Level Annotations

Branches:
Dungeon (13/15)            Temple (0/1) D:5            Lair (3/5) D:11
 Shoals (0/4) Lair:2       Spider (0/4) Lair:3          Orc (0/2) D:9
Gauntlet (visited)
 Vaults: D:13-14

Altars:
Ashenzari
Cheibriados
Dithmenos
Gozag
Nemelex Xobeh
Qazlal
Ru
Sif Muna
Vehumet
Yredelemnul

Shops:
D:8 [   D:10 !   D:12 :

Annotations:
D:13 Azrael


Innate Abilities, Weirdness & Mutations

You have a pair of small antennae on your head.
You are surrounded by a moderate repulsion field. (EV +3)
A demonic guardian rushes to your aid.
When hurt, damage is shared between your health and your magic reserves.
You regenerate magic rapidly.


Message History

Azrael drinks a potion.
Azrael is healed!
The stone arrow hits Azrael!!
Azrael is heavily wounded.
Your shadow mimicks your spell!
The shadow shard hits Azrael!
Azrael gestures at you.
The fireball explodes!
The fireball engulfs you!!
A demonic guardian appears!
The fireball engulfs your ice devil!!
Your ice devil is burned terribly!
You hear a shout!
You rampage towards Azrael!
You hit Azrael.
Azrael is severely wounded.
A fire elemental comes into view.
Azrael barely misses you. Azrael gestures at you.
The sphere of damnation explodes!
The damnation engulfs you!!!
Ouch! That really hurt!
* * * LOW HITPOINT WARNING * * *
You emit a cloud of dark smoke.
The damnation engulfs Azrael.
Azrael completely resists.
The damnation engulfs your ice devil!!
Your ice devil dies!
Your ice devil disappears in a puff of smoke!
Unknown command.
Okay, then.
You feel much better. Azrael gestures at you. The sticky flame misses you.
You hit Azrael.
Azrael is almost dead.
The fire elemental closely misses you. The fire elemental hits you.
The fire elemental burns you!
Azrael hits you with a +4 scimitar of flaming!
* * * LOW HITPOINT WARNING * * *
Azrael burns you.
* * * LOW HITPOINT WARNING * * *
You are confused.
You feel invigorated. The fire elemental closely misses you.
Azrael gestures at you.
The fireball explodes!
The fireball engulfs you!!
You die...

... ..# ..###..#
......# .....#
.°..# ..○○..
#RE.# ...E..
#@§§# ....R°
#§§§# ...@.°
#..§# .....○
#...#
...h.°##†).#
...........####
...............
...............
.###..##..#####.


You could see Azrael and a fire elemental.

Vanquished Creatures
  A minotaur (Gauntlet)
  2 boulder beetles
  3 hydras
  A catoblepas (D:13)
  Urug (D:13)
  Pikel (D:4)
  2 glowing orange brains (Gauntlet)
  A necromancer (Lair:3)
  4 lindwurms (Lair:2)
  3 manticores
  4 ugly things
  A moth of wrath (Gauntlet)
  Maurice (D:13)
  3 black mambas
  5 cane toads
  3 kobold demonologists (D:11)
  An unseen horror (D:12)
  A komodo dragon (Lair:2)
  A polar bear (Lair:3)
  5 trolls
  3 hornets
  17 blink frogs
  2 wraiths
  3 shadows
  6 wyverns
  21 yaks
  2 fire elementals (D:13)
  3 steam dragons
  A basilisk (Lair:3)
  3 swamp worms (D:11)
  2 wargs (D:11)
  8 water moccasins
  A hell hound (D:13)
  3 ice beasts
  4 black bears
  3 orc warriors
  A hornet zombie (D:5)
  5 sky beasts
  3 ogres
  2 elephant zombies (Lair:3)
  4 wolves
  8 centaurs
  A phantom (D:4)
  A lemure (D:4)
  4 kobold brigands
  7 bullfrogs
  2 komodo dragon zombies (Lair:3)
  A scorpion (D:5)
  5 killer bees (D:10)
  5 howler monkeys
  4 electric eels (Lair:3)
  2 bullfrog zombies (D:5)
  A centaur zombie (D:5)
  A basilisk zombie (Lair:3)
  2 jellies
  3 orc priests
  2 hounds
  A gnoll bouda (D:4)
  2 iguanas
  12 orc wizards
  Robin (D:3)
  18 gnolls
  6 adders
  2 shadow imps
  2 white imps (D:5)
  2 ufetubi (D:5)
  An adder zombie (D:5)
  A worm (D:2)
  3 dart slugs
  22 orcs
  10 ball pythons
  7 bats
  4 endoplasms (D:1)
  3 giant cockroaches
  9 goblins
  12 hobgoblins
  4 jackals
  3 quokkas
  2 frilled lizards (D:3)
  21 kobolds
  A rat (D:2)
339 creatures vanquished.

Vanquished Creatures (collateral kills)
  2 blink frogs (Lair:1)
  A wyvern (D:9)
  2 wolves (Gauntlet)
  A goblin (D:3)
  A hobgoblin (D:3)
7 creatures vanquished.

Vanquished Creatures (others)
  An orc wizard (D:11)
  6 fungi (Lair:3)
  29 plants
36 creatures vanquished.

Grand Total: 382 creatures vanquished

Notes
Turn   | Place    | Note
-------+----------+-------------------------------------------
     0 | D:1      | DemonSlayer the Demonspawn Earth Elementalist began the
                  | quest for the Orb.
     0 | D:1      | Reached XP level 1. HP: 13/13 MP: 3/3
   465 | D:1      | Gained mutation: You are surrounded by a mild repulsion
                  | field. (EV +2) [demonic ancestry]
   465 | D:1      | Reached XP level 2. HP: 19/19 MP: 1/5
   897 | D:1      | Found a faded altar of an unknown god.
  1378 | D:1      | Gained mutation: You are surrounded by a moderate repulsion
                  | field. (EV +3) [demonic ancestry]
  1378 | D:1      | Reached XP level 3. HP: 23/24 MP: 3/6
  1516 | D:1      | Learned a level 2 spell: Passwall
  1520 | D:1      | Learned a level 3 spell: Stone Arrow
  2025 | D:2      | Reached skill level 3 in Spellcasting
  2244 | D:3      | Noticed Robin
  2263 | D:3      | Gained mutation: A weak demonic guardian rushes to your
                  | aid. [demonic ancestry]
  2263 | D:3      | Reached XP level 4. HP: 28/30 MP: 6/8
  2268 | D:3      | Killed Robin
  2569 | D:3      | Gained mutation: You regenerate magic rapidly. [demonic
                  | ancestry]
  2569 | D:3      | Reached XP level 5. HP: 16/35 MP: 1/10
  3413 | D:3      | Learned a level 3 spell: Swiftness
  3416 | D:3      | Learned a level 2 spell: Ensorcelled Hibernation
  3854 | D:4      | Found a shadowy altar of Dithmenos.
  3881 | D:4      | Identified the +4 ring mail of Fortitude {Rampage Fly rPois
                  | Str+6}
  4103 | D:4      | Found a sacrificial altar of Ru.
  4163 | D:4      | Noticed a lemure
  4180 | D:4      | Became a worshipper of Dithmenos the Shadowed
  4185 | D:4      | Killed a lemure
  4263 | D:4      | Noticed Pikel
  4263 | D:4      | Noticed a lemure
  4263 | D:4      | Noticed a lemure
  4285 | D:4      | Killed Pikel
  4286 | D:4      | Reached skill level 5 in Spellcasting
  4286 | D:4      | Reached skill level 5 in Earth Magic
  4286 | D:4      | Reached XP level 6. HP: 24/42 MP: 0/13
  4286 | D:4      | Reached XP level 7. HP: 27/47 MP: 0/14
  4568 | D:4      | Learned a level 4 spell: Petrify
  4589 | D:5      | Entered Level 5 of the Dungeon
  4597 | D:4      | Reached skill level 1 in Armour
  4687 | D:5      | Found a staircase to the Ecumenical Temple.
  4714 | D:5      | Identified the +1 leather armour of Mental Paralysis {Harm
                  | *Slow Regen+ Int+2}
  4726 | D:5      | Gained mutation: You have a pair of small antennae on your
                  | head. [demonic ancestry]
  4726 | D:5      | Reached XP level 8. HP: 36/53 MP: 4/16
  4850 | D:5      | Reached skill level 6 in Spellcasting
  5029 | D:5      | Found a basalt altar of Yredelemnul.
  5332 | D:5      | Learned a level 3 spell: Teleport Other
  5475 | D:6      | Found a sparkling altar of Nemelex Xobeh.
  5482 | D:6      | Reached skill level 7 in Spellcasting
  6099 | D:6      | Reached * piety under Dithmenos
  6439 | D:6      | Reached XP level 9. HP: 58/58 MP: 14/20
  6472 | D:6      | Found a snail-covered altar of Cheibriados.
  6941 | D:6      | Found a broken altar of Ashenzari.
  7281 | D:6      | Learned a level 6 spell: Dispersal
  7389 | D:7      | Reached skill level 1 in Fighting
  7389 | D:7      | Reached skill level 1 in Short Blades
  7389 | D:7      | Reached skill level 8 in Spellcasting
  7843 | D:7      | Found a stormy altar of Qazlal.
  8148 | D:8      | Reached skill level 1 in Shields
  8170 | D:8      | Reached skill level 9 in Spellcasting
  8307 | D:8      | Identified the +5 quarterstaff "Thing" {vorpal, Will+ Int+3
                  | Dex-2}
  8312 | D:8      | Reached ** piety under Dithmenos
  8488 | D:8      | Reached XP level 10. HP: 55/65 MP: 21/23
  8547 | D:8      | Found Gol Acocs's Antique Armour Shop.
  9198 | D:9      | Found a staircase to the Orcish Mines.
  9214 | D:9      | Found a radiant altar of Vehumet.
  9565 | D:9      | Found an opulent altar of Gozag.
  9777 | D:9      | Found a shimmering blue altar of Sif Muna.
  9829 | D:10     | Entered Level 10 of the Dungeon
  9857 | D:10     | Found Yfronub's Distillery.
  9869 | D:10     | Bought a potion of berserk rage for 75 gold pieces
  9869 | D:10     | Bought a potion of heal wounds for 75 gold pieces
  9869 | D:10     | Bought a potion of curing for 45 gold pieces
  9869 | D:10     | Bought a potion of mutation for 120 gold pieces
  9869 | D:10     | Bought 2 potions of heal wounds for 150 gold pieces
  9908 | D:10     | Reached skill level 1 in Staves
 10336 | D:10     | Reached skill level 1 in Conjurations
 10697 | D:11     | Noticed a manticore
 10701 | D:11     | Killed a manticore
 10770 | D:11     | Reached skill level 10 in Spellcasting
 10810 | D:11     | Noticed a boulder beetle
 10819 | D:11     | Killed a boulder beetle
 10911 | D:11     | Reached *** piety under Dithmenos
 10998 | D:11     | Gained mutation: When hurt, damage is shared between your
                  | health and your magic reserves. [demonic ancestry]
 10998 | D:11     | Reached XP level 11. HP: 72/72 MP: 16/25
 11069 | D:11     | Found a staircase to the Lair.
 11093 | D:11     | Noticed a sun demon
 11478 | D:11     | Noticed a seven-headed hydra
 11486 | D:11     | Killed a seven-headed hydra
 11959 | D:11     | Noticed a soul eater
 12245 | Lair:1   | Entered Level 1 of the Lair of Beasts
 12780 | Lair:1   | Reached skill level 5 in Armour
 13318 | Lair:1   | You are sucked into a shaft and drop 1 floor!
 13398 | Lair:2   | Noticed a lindwurm
 13400 | Lair:2   | Noticed a lindwurm
 13403 | Lair:2   | Noticed a lindwurm
 13404 | Lair:2   | Noticed a lindwurm
 13406 | Lair:2   | Killed a lindwurm
 13417 | Lair:2   | Killed a lindwurm
 13422 | Lair:2   | Killed a lindwurm
 13766 | Lair:1   | Reached skill level 5 in Staves
 13766 | Lair:1   | Reached skill level 10 in Earth Magic
 13872 | Lair:1   | Gained mutation: A demonic guardian rushes to your aid.
                  | [demonic ancestry]
 13872 | Lair:1   | Reached XP level 12. HP: 83/83 MP: 1/26
 14163 | Lair:1   | Learned a level 4 spell: Olgreb's Toxic Radiance
 14212 | Lair:2   | Reached skill level 5 in Conjurations
 14274 | Lair:2   | Found a staircase to the Shoals.
 14628 | Lair:2   | Reached **** piety under Dithmenos
 14977 | Lair:2   | Reached skill level 11 in Spellcasting
 15302 | Lair:2   | Learned a level 3 spell: Dazzling Flash
 15402 | Lair:3   | Found a hole to the Spider Nest.
 15735 | Lair:3   | Noticed a six-headed hydra
 15736 | Lair:3   | Noticed a boulder beetle
 15739 | Lair:3   | Killed a six-headed hydra
 15753 | Lair:3   | Killed a boulder beetle
 17935 | D:12     | Identified the +9 scimitar "Miasos" {drain, rC+ Int+4
                  | Dex+2}
 17943 | D:12     | Found Ruleups's Book Shop.
 17970 | D:12     | Reached XP level 13. HP: 90/90 MP: 16/28
 17974 | D:12     | Found a gate leading to a gauntlet.
 17982 | Gauntlet | Entered a Gauntlet
 17982 | Gauntlet | Found a transporter.
 18136 | Gauntlet | Found a transporter.
 18149 | Gauntlet | Found a transporter.
 18169 | Gauntlet | Found a transporter.
 18185 | Gauntlet | Found a transporter.
 18186 | Gauntlet | Noticed a frost giant
 18188 | Gauntlet | Noticed a fenstrider witch
 18188 | Gauntlet | a frost giant changed into a fenstrider witch
 18195 | Gauntlet | Noticed a sphinx
 18195 | Gauntlet | a fenstrider witch changed into a sphinx
 18196 | Gauntlet | Noticed a fenstrider witch
 18196 | Gauntlet | a sphinx changed into a fenstrider witch
 18197 | Gauntlet | a fenstrider witch changed into an alligator snapping
                  | turtle
 18198 | Gauntlet | Noticed an azure jelly
 18198 | Gauntlet | an alligator snapping turtle changed into an azure jelly
 18200 | Gauntlet | Noticed a minotaur
 18200 | Gauntlet | an azure jelly changed into a minotaur
 18201 | Gauntlet | Noticed an azure jelly
 18201 | Gauntlet | a minotaur changed into an azure jelly
 18205 | Gauntlet | Noticed a fire giant
 18205 | Gauntlet | an azure jelly changed into a fire giant
 18207 | Gauntlet | Noticed an eleionoma
 18207 | Gauntlet | a fire giant changed into an eleionoma
 18211 | Gauntlet | Noticed a storm dragon
 18211 | Gauntlet | an eleionoma changed into a storm dragon
 18212 | Gauntlet | a storm dragon changed into something unseen
 18216 | Gauntlet | Found a transporter.
 18224 | Gauntlet | Found a runed translucent door.
 18226 | Gauntlet | Found a transporter.
 18228 | Gauntlet | Found a runed translucent door.
 18242 | Gauntlet | Found a transporter.
 18252 | Gauntlet | Noticed a quicksilver ooze
 18261 | Gauntlet | Found a transporter.
 18261 | Gauntlet | Found a transporter.
 18265 | Gauntlet | Found a transporter.
 18268 | Gauntlet | Found a transporter.
 18268 | Gauntlet | Found a transporter.
 18293 | Gauntlet | Found a transporter.
 18634 | Gauntlet | Reached skill level 5 in Dodging
 18788 | Gauntlet | Noticed a golden dragon
 18789 | Gauntlet | Noticed a bunyip
 18790 | Gauntlet | Noticed an acid blob
 18790 | Gauntlet | a golden dragon changed into an acid blob
 18822 | Gauntlet | Noticed a caustic shrike
 19082 | Gauntlet | Noticed a minotaur
 19098 | Gauntlet | Killed a minotaur
 19099 | Gauntlet | Reached skill level 1 in Throwing
 19465 | Gauntlet | Got Nirriheas's Grimoire of Ice
 19467 | Gauntlet | Identified the -2 helmet of the Slightly Bent {rPois rF+
                  | Str+2 Dex+3}
 20510 | D:12     | Learned a level 2 spell: Blink
 20594 | D:13     | Noticed Urug
 20602 | D:13     | Reached skill level 1 in Evocations
 20603 | D:13     | Killed Urug
 20604 | D:13     | Reached skill level 12 in Spellcasting
 20717 | D:13     | Noticed Azrael
 20717 | D:13     | Noticed Maurice
 20734 | D:13     | Killed Maurice
 20758 | D:13     | Killed from afar by Azrael

Illustrated notes

Levels and vault maps discovered:
D:1:      dpeg_arrival_arbitrary_c, layout_loops_ring,
          nicolae_ecumenical_lake_church
D:2:      layout_basic, minmay_tromino_v4_a
D:3:      layout_basic, uniq_robin
D:4:      layout_rooms, lemuel_coloured_pillars_altar, grunt_dithmenos_smoke,
          minmay_misc_feat_columns, uniq_pikel
D:5:      layout_gridville, nicolae_yredelemnul_corpse_copse, temple_pool_b
D:6:      layout_gridville, cheibrodos_ashenzari_chains,
          mainiacjoe_overflow_boulevard, mainiacjoe_overflow_alcove_1
D:7:      layout_rooms, nicolae_qazlal_style_of_elements
D:8:      layout_cave_pools, serial_shops, shop
D:9:      layout_rooms, overflow_temple_1_default, grunt_gozag_statues,
          elyvilon_altar_5, zin_treasury, mainiacjoe_overflow_tiny_flanked,
          orc_0_dummy
D:10:     layout_rooms, nicolae_overflow_hidden_temple,
          mainiacjoe_overflow_paths, serial_shops, nicolae_shop_crystal
D:11:     layout_roguey, erik_lair_orcish_takeover, minmay_curled_crystal,
          worms_lemuel
D:12:     layout_long_grid, serial_shops, nicolae_shop_statue_plus,
          gauntlet_entry_generic
D:13:     layout_long_grid, uniq_sonja, uniq_urug, uniq_azrael, uniq_snorg,
          uniq_maurice
Lair:1:   layout_layer_cave, grunt_megastairs_4, lemuel_fruit_tree
Lair:2:   layout_small_grid, minmay_shoals_entry_centaurs,
          portal_ice_cave_entry_pillars_1, minmay_lindwurm_lava
Lair:3:   pond_and_an_island_with_a_cottage, layout_gridlike, dummy_spider_entry

Skill      XL: |  1  2  3  4  5  6  7  8  9 10 11 12 13 |
---------------+----------------------------------------+-----
Dodging        | 2 3 4 5 |  5.1
Earth Magic    | 3 5 6 7 8 9 10 11 | 11.3
Stealth        | 2 3 4 |  4.4
Spellcasting   | 3 5 7 9 10 11 12 | 12.0
Armour         | 1 2 3 5 6 |  6.5
Fighting       | 1 2 4 |  4.8
Short Blades   | 1 |  1.5
Shields        | 1 |  1.1
Staves         | 2 5 |  5.6
Conjurations   | 3 4 7 |  7.6
Throwing       | 1 |  1.5
Evocations     | 1 |  1.3
Long Blades    | |  0.9
Axes           | |  0.2
Transmutations | |  0.8

Action                   |  1- 3 |  4- 6 |  7- 9 | 10-12 | 13-15 || total
-------------------------+-------+-------+-------+-------+-------++-------
Melee: Unarmed           |    12 |       |       |       |       ||    12
       Hand axe          |     2 |       |       |       |       ||     2
       War axe           |       |    19 |       |       |       ||    19
       Dagger            |       |       |    38 |       |       ||    38
       Quarterstaff      |       |       |       |   242 |       ||   242
       Scimitar          |       |       |       |       |    15 ||    15
Throw: Dart              |       |     4 |       |     1 |     6 ||    11
       Throwing net      |       |       |       |     1 |     2 ||     3
       Javelin           |       |       |       |       |     2 ||     2
 Cast: Sandblast         |    64 |    78 |   162 |    13 |       ||   317
       Stone Arrow       |       |       |       |   301 |    61 ||   362
Evoke: Wand              |       |       |       |       |    13 ||    13
  Use: Potion            |     1 |       |       |     9 |     8 ||    18
       Scroll            |     1 |     2 |     7 |    11 |     4 ||    25
 Stab: Sleeping          |       |       |     1 |     4 |       ||     5
       Invisible         |       |       |       |     5 |       ||     5
Armor: Robe              |    13 |    10 |       |       |       ||    23
       Ring mail         |       |     5 |    81 |   124 |    16 ||   226
Dodge: Dodged            |    41 |    44 |   182 |   299 |    86 ||   652
Block: Buckler           |       |       |    36 |       |       ||    36
